 Dungeon Crawl Stone Soup version 0.18.1-8-gdd0e5ea (webtiles) character file.

307468 rockintein the Executioner (level 20, -4/187 HPs)
             Began as a Minotaur Berserker on June 9, 2016.
             Was the Champion of Trog.
             Drowned by a drowned soul (15 damage)
             ... summoned by a merfolk avatar
             ... on level 4 of the Shoals on June 11, 2016.
             The game lasted 01:35:46 (46195 turns).

rockintein the Executioner (Minotaur Berserker)    Turns: 46195, Time: 01:35:47

Health: -4/187     AC: 30    Str: 29    XL:     20   Next: 67%
Magic:  19/19      EV: 10    Int:  4    God:    Trog [******]
Gold:   1153       SH: 10    Dex: 16    Spells: 0 memorised, 19 levels left

rFire  + . .     SeeInvis .     G - +9 war axe of the Imperium {chop, rC+ Dex+4}
rCold  + . .     Gourm    +     z - +3 plate armour
rNeg   . . .     Faith    .     e - +2 buckler {AC+3}
rPois  +         Spirit   .     (helmet restricted)
rElec  .         Dismiss  .     i - +0 cloak (curse)
rCorr  .         Reflect  .     O - +0 pair of gloves
SustAt .         Harm     .     h - +1 pair of boots
MR     +++..                    o - amulet of the gourmand
Stlth  ..........               V - ring of poison resistance
                                B - ring of protection from fire

@: mesmerised, regenerating, extremely resistant to hostile enchantments,
extremely unstealthy
A: retaliatory headbutt, horns 2
a: Berserk, Trog's Hand, Brothers in Arms, Burn Spellbooks, Renounce Religion
}: 1/15 runes: serpentine


You were on level 4 of the Shoals.
You worshipped Trog.
Trog was exalted by your worship.
You were very full.

You visited 6 branches of the dungeon, and saw 34 of its levels.
You also visited: Labyrinth, Sewer, Ice Cave and Volcano.

You collected 2946 gold pieces.
You spent 1793 gold pieces at shops.

Inventory:

Hand Weapons
 a - a +4 broad axe of flaming
 k - the +3 war axe "Saef" {venom, Str+3}
   (Trog gifted it to you on level 1 of the Shoals)

   It poisons the flesh of those it strikes.
   It affects your strength (+3).
 G - the +9 war axe of the Imperium (weapon) {chop, rC+ Dex+4}
   (You found it on level 1 of the Snake Pit)

   It inflicts extra damage upon your enemies.
   It affects your dexterity (+4).
   It protects you from cold.
Armour
 e - a +2 buckler of protection (worn)
 h - a +1 pair of boots (worn)
 i - a cursed +0 cloak (worn)
 z - a +3 plate armour (worn)
 O - a +0 pair of gloves (worn)
Jewellery
 n - an uncursed ring of see invisible
 o - an amulet of the gourmand (around neck)
 w - the ring "Megem" {Fire Int+5}
   (You found it on level 1 of the Shoals)

   [ring of fire]

   It enhances your fire magic, and weakens your ice magic.
   It affects your intelligence (+5).
   It protects you from fire.
   It makes you vulnerable to cold.
 B - a ring of protection from fire (left hand)
 V - a ring of poison resistance (right hand)
Wands
 q - a wand of polymorph (3/24)
 u - a wand of disintegration (13/24)
 y - a wand of teleportation (3/9)
 D - a wand of lightning (6/15)
 E - a wand of hasting (6/9)
Scrolls
 f - 2 scrolls of magic mapping
 l - 9 scrolls of identify
 m - 13 scrolls of teleportation
 s - 2 scrolls of blinking
 t - 8 scrolls of remove curse
 A - 3 scrolls of fog
 F - a scroll of recharging
 U - 2 scrolls of fear
Potions
 b - 7 potions of heal wounds
 d - 5 potions of curing
 g - 10 potions of flight
 r - 4 potions of cancellation
 x - a potion of resistance
 X - 4 potions of might
Comestibles
 c - 14 bread rations
 j - a royal jelly
 p - 3 meat rations
 v - 2 slices of pizza


   Skills:
 + Level 17.8 Fighting
 * Level 26.4 Axes
 + Level 17.5 Armour
 - Level 2.1 Dodging
 + Level 16.7 Shields


You had 19 spell levels left.
You didn't know any spells.

Dungeon Overview and Level Annotations

Branches:
Dungeon (15/15)            Temple (1/1) D:4            Lair (8/8) D:9
 Shoals (4/4) Lair:4        Snake (4/4) Lair:4        Slime (0/6) Lair:8
    Orc (2/2) D:9             Elf (0/3) Orc:2        Vaults (0/5) D:13
 Depths (0/5) D:15

Altars:
Ashenzari
Cheibriados
Dithmenos
Elyvilon
Fedhas
Gozag
Kikubaaqudgha
Makhleb
Nemelex Xobeh
Okawaru
Pakellas
Qazlal
Ru
Sif Muna
Trog
Xom
Yredelemnul
Zin
Beogh

Shops:
D:7 (   D:8 ?   D:9 :   D:11 !   D:13 *   D:14 }   Orc:1 (   Orc:2 *(:[
Snake:2 *

Portals:
Trove: D:11 (give 3 potions of cure mutation)

Annotations:
D:12 exclusions: ice statue and obsidian statue


Innate Abilities, Weirdness & Mutations

You reflexively headbutt those who attack you in melee.
You have a pair of horns on your head.


Message History

The merfolk avatar chants a haunting song.
You resist with almost no effort.
You slice the merfolk avatar!! You headbutt the merfolk avatar!
The merfolk avatar is almost dead.
You miss the drowned soul. You closely miss the drowned soul.
You barely miss the drowned soul. You slice the drowned soul!!
You destroy the drowned soul!
You feel sick.
The merfolk avatar chants its luring song.
You block the drowned soul's attack. The drowned soul touches you.
The drowned soul drowns you!
* * * LOW HITPOINT WARNING * * *
Drink which item? (? for menu, Esc to quit)
You feel better. You block the drowned soul's attack.
The merfolk avatar chants its luring song.
The merfolk avatar chants a haunting song.
You easily resist.
The drowned soul touches you. The drowned soul drowns you!
* * * LOW HITPOINT WARNING * * *
The drowned soul touches you. The drowned soul drowns you!
You die...

#≈............(
≈............######
≈≈≈.........#....≈##
≈≈≈≈≈......#.#....≈##
≈≈≈≈≈.....#†#.)W#..≈#
≈≈≈≈≈.....#.(†≈#≈≈.≈#
≈≈≈≈≈≈....#((≈##m≈.≈#
≈≈≈≈≈≈.<..#)(#Wm≈..≈#
≈≈≈≈≈≈≈≈..#))(≈≈@φ#≈
≈≈≈≈≈≈≈≈≈≈##)))W.#≈#
≈≈≈≈≈≈≈≈≈≈≈##≈≈≈≈≈##
≈≈≈≈≈≈≈≈≈≈..#######
≈≈#######≈≈... ≈
#≈.... #≈≈≈≈


You could see 2 merfolk avatars and 3 drowned souls.

Vanquished Creatures
  7 greater nagas
  The ghost of Sagrath01 the Bludgeoner, an adept GrGl of Zin (Shoals:2)
  Maud (Lair:7)
  Louise (Shoals:2)
  An orc warlord (Orc:2)
  The ghost of georgeearnest the Blocker, a journeyman HOFi of Beogh (Orc:2)
  The ghost of Scarto the Demonic Cataclysm, a journeyman DsFi of Qazlal (D:15)
  6 merfolk javelineers
  A fire dragon (Lair:8)
  8 vault guards (D:13)
  Snorg (Lair:5)
  The ghost of Liquid the Grappler, a journeyman TrHu (Lair:1)
  Josephine (Shoals:1)
  A minotaur (Lab)
  23 naga warriors
  3 merfolk impalers
  9 anacondas
  8 hydras
  2 ogre magi (D:15)
  Erica (D:8)
  2 centaur warriors (D:15)
  A satyr (Shoals:2)
  A merfolk avatar (Shoals:3)
  A merfolk aquamancer (Shoals:4)
  2 orc high priests (Orc:2)
  Sonja (D:12)
  18 naga sharpshooters
  8 shock serpents
  3 salamander mystics
  4 sea snakes
  An unseen horror (Lab)
  12 naga ritualists
  9 harpies
  6 hill giants
  3 orc knights (Orc:2)
  2 ugly things
  A necromancer (IceCv)
  6 griffons
  2 wizards (D:15)
  19 mana vipers
  4 deep elf magi
  13 fauns (Shoals:2)
  15 salamanders
  6 orc sorcerers
  12 manticores
  22 elephants
  34 naga magi
  A water nymph (Shoals:3)
  7 guardian serpents
  9 sirens
  53 black mambas
  3 gargoyles
  3 ice statues (IceCv)
  30 spiny frogs
  4 komodo dragons
  8 ice devils (IceCv)
  6 rime drakes
  A freezing wraith (D:14)
  15 merfolk
  11 trolls
  4 polar bears
  2 wind drakes
  A two-headed ogre (shapeshifter) (D:15)
  6 two-headed ogres
  4 giant leeches (Lair:8)
  Prince Ribbit (D:5)
  A boulder beetle (Lair:6)
  34 blink frogs
  3 snapping turtles
  Sigmund (D:5)
  3 hogs (Volcano)
  5 wraiths (Shoals:1)
  A vampire (D:14)
  8 wyverns
  58 yaks
  14 hippogriffs
  A shadow (D:14)
  A human (D:7)
  6 basilisks
  A water elemental (Shoals:2)
  7 hungry ghosts
  9 vampire mosquitoes
  A steam dragon (Lair:8)
  A human (shapeshifter) (D:13)
  2 mottled dragons
  Edmund (D:5)
  2 wargs (Orc:2)
  61 nagas
  Menkaure (D:5)
  13 porcupines
  32 water moccasins
  2 hell hounds (Lair:8)
  Duvessa (D:6)
  10 ice beasts
  A swamp drake (Lair:8)
  4 phantoms
  3 sky beasts
  38 orc warriors
  A wasp (D:12)
  16 ogres
  23 centaurs
  14 crocodiles
  12 wolves
  A wyvern zombie (D:6)
  2 big kobolds
  40 giant frogs
  Dowan (D:6)
  A scorpion (D:13)
  12 killer bees
  15 wights
  5 howler monkeys
  6 electric eels
  8 crimson imps
  4 centaur zombies
  4 draconian simulacra (IceCv)
  4 quasits
  A wasp zombie (D:9)
  A jelly (D:10)
  2 giant frog skeletons
  13 orc priests
  7 centaur skeletons
  7 hounds
  24 orc wizards
  8 iguanas
  2 troll simulacra (IceCv)
  8 worker ants
  A killer bee zombie (D:8)
  31 sheep
  A centaur simulacrum (IceCv)
  2 human simulacra (D:13)
  2 hound zombies
  2 howler monkey zombies
  2 worker ant zombies
  4 gnolls (D:2)
  A howler monkey skeleton (D:6)
  26 adders
  3 naga simulacra (IceCv)
  25 river rats
  4 shadow imps
  2 oozes
  3 adder skeletons
  An adder zombie (D:10)
  3 worms
  A dart slug (D:3)
  10 giant geckos
  101 orcs
  12 bats
  9 giant cockroaches
  9 goblins
  9 hobgoblins
  13 jackals
  8 quokkas
  6 ball pythons
  4 giant newts
  10 kobolds
  A quokka skeleton (D:6)
  10 rats
  17 fungi
  17 plants
1373 creatures vanquished.

Vanquished Creatures (others)
  A salamander (Snake:4)
  A naga (Snake:4)
  A bush (D:15)
  80 fungi
  33 plants
116 creatures vanquished.

Grand Total: 1489 creatures vanquished

Notes
Turn   | Place    | Note
--------------------------------------------------------------
     0 | D:1      | rockintein the Minotaur Berserker began the quest for the Orb.
     0 | D:1      | Reached XP level 1. HP: 19/19 MP: 0/0
   367 | D:1      | Reached skill level 4 in Axes
   520 | D:1      | Reached XP level 2. HP: 27/27 MP: 1/1
   566 | D:1      | Reached ** piety under Trog
  1032 | D:2      | Reached XP level 3. HP: 33/33 MP: 2/2
  1061 | D:2      | Reached skill level 5 in Axes
  1068 | D:2      | Reached XP level 4. HP: 16/40 MP: 3/3
  2169 | D:3      | Reached *** piety under Trog
  2196 | D:3      | Reached XP level 5. HP: 42/47 MP: 4/4
  2233 | D:3      | Reached skill level 5 in Fighting
  2286 | D:3      | Noticed a centaur
  2295 | D:3      | Killed a centaur
  2295 | D:3      | Reached skill level 6 in Axes
  2345 | D:3      | Reached XP level 6. HP: 25/56 MP: 5/5
  2947 | D:4      | Reached **** piety under Trog
  2949 | D:4      | Reached skill level 7 in Axes
  3360 | D:4      | Found a staircase to the Ecumenical Temple.
  3574 | D:5      | Entered Level 5 of the Dungeon
  3589 | D:5      | Reached XP level 7. HP: 62/62 MP: 6/6
  3652 | D:5      | Noticed Edmund
  3658 | D:5      | Killed Edmund
  3658 | D:5      | Reached skill level 8 in Axes
  3658 | D:5      | Reached skill level 5 in Armour
  3757 | D:5      | Noticed Prince Ribbit
  3775 | D:5      | Killed Prince Ribbit
  3775 | D:5      | Reached XP level 8. HP: 55/71 MP: 7/7
  3916 | D:5      | Found a glowing drain.
  3935 | Sewer    | Entered a sewer
  4141 | Sewer    | Reached ***** piety under Trog
  4296 | D:5      | Reached skill level 9 in Axes
  4350 | D:5      | Noticed Menkaure
  4354 | D:5      | Killed Menkaure
  4406 | D:5      | Noticed Sigmund
  4413 | D:5      | Killed Sigmund
  4769 | D:5      | Reached skill level 1 in Shields
  5074 | D:6      | Found a burning altar of Makhleb.
  5105 | D:6      | Noticed Dowan
  5107 | D:6      | Noticed Duvessa
  5115 | D:6      | Killed Duvessa
  5115 | D:6      | Reached skill level 10 in Axes
  5117 | D:6      | Killed Dowan
  5215 | D:6      | Reached XP level 9. HP: 81/81 MP: 8/8
  5585 | D:6      | Noticed an Executioner
  5588 | D:6      | Noticed an orange demon
  5588 | D:6      | Noticed an orange demon
  5747 | D:6      | Gained mutation: Your magical capacity is low (-10% MP). [potion of mutation]
  5747 | D:6      | Gained mutation: Your spells are a little easier to cast, but a little less powerful. [potion of mutation]
  5747 | D:6      | Gained mutation: You are dopey. (Int -2) [potion of mutation]
  5878 | D:7      | Reached skill level 11 in Axes
  6281 | D:7      | Received a gift from Trog
  6519 | D:7      | Found Cethrauz's Weapon Shoppe.
  6746 | D:8      | Noticed a troll
  6755 | D:8      | Killed a troll
  6894 | D:8      | Noticed a deep elf mage
  6910 | D:8      | Killed a deep elf mage
  6910 | D:8      | Reached skill level 5 in Shields
  6910 | D:8      | Reached XP level 10. HP: 77/91 MP: 2/8
  7213 | D:8      | Noticed Erica
  7221 | D:8      | Killed Erica
  7221 | D:8      | Reached skill level 12 in Axes
  7551 | D:8      | Found Cauxziy's Magic Scroll Emporium.
  8000 | D:9      | Found an iron altar of Okawaru.
  8000 | D:9      | Noticed a gargoyle
  8001 | D:9      | Found a sacrificial altar of Ru.
  8001 | D:9      | Found a deep blue altar of Sif Muna.
  8002 | D:9      | Found a shattered altar of Ashenzari.
  8013 | D:8      | Killed a gargoyle
  8454 | D:9      | Found a blossoming altar of Fedhas.
  8549 | D:9      | Reached skill level 10 in Fighting
  8821 | D:9      | Found a shimmering altar of Xom.
  8821 | D:9      | Found an oddly glowing altar of Pakellas.
  8831 | D:9      | Found a staircase to the Lair.
  8843 | D:9      | Reached skill level 13 in Axes
  8939 | D:9      | Found a sparkling altar of Nemelex Xobeh.
  9009 | D:9      | Found a staircase to the Orcish Mines.
  9024 | D:9      | Reached XP level 11. HP: 89/101 MP: 5/8
  9278 | D:9      | Found Kumerghu's Book Boutique.
  9393 | D:9      | Found a roughly hewn altar of Beogh.
  9398 | D:9      | Received a gift from Trog
  9430 | D:10     | Entered Level 10 of the Dungeon
  9678 | D:10     | Noticed an eight-headed hydra
  9740 | D:10     | Noticed a hill giant
  9750 | D:10     | Killed a hill giant
  9750 | D:10     | Reached skill level 10 in Armour
  9948 | D:10     | Reached skill level 14 in Axes
 10337 | D:10     | Noticed a hill giant
 10456 | D:11     | Found a deep blue altar of Sif Muna.
 10456 | D:11     | Noticed a cyan ugly thing
 10468 | D:11     | Killed a cyan ugly thing
 10540 | D:11     | Noticed Sonja
 10544 | D:11     | Noticed a hill giant
 10562 | D:10     | Killed a hill giant
 11444 | D:11     | Found a portal to a secret trove of treasure.
 11635 | D:11     | Found Boeshrow's Distillery.
 11644 | D:11     | Bought a potion of heal wounds for 65 gold pieces
 11878 | D:12     | Noticed an obsidian statue
 12048 | D:12     | Noticed a hill giant
 12062 | D:12     | Killed a hill giant
 12379 | D:12     | HP: 7/153 [troll (1)]
 12379 | D:12     | HP: 3/153 [troll (4)]
 12688 | D:12     | Killed Sonja
 12688 | D:12     | Reached skill level 15 in Axes
 12688 | D:12     | Reached XP level 12. HP: 110/110 MP: 9/9
 12738 | D:12     | HP: 8/165 [troll (1)]
 13739 | D:12     | Paralysed by fainting for 11 turns
 14659 | Lair:1   | Entered Level 1 of the Lair of Beasts
 14659 | Lair:1   | Noticed Liquid's ghost (journeyman TrHu)
 14671 | Lair:1   | Killed Liquid's ghost
 14954 | Lair:1   | Reached skill level 10 in Shields
 15998 | Lair:2   | Reached skill level 16 in Axes
 16520 | Lair:2   | Received a gift from Trog
 17121 | Lair:3   | Received a gift from Trog
 17271 | Lair:3   | Noticed a six-headed hydra
 17284 | Lair:3   | Killed a six-headed hydra
 17288 | Lair:3   | Lost mutation: You are dopey. (Int -2) [potion of cure mutation]
 17288 | Lair:3   | Lost mutation: Your spells are a little easier to cast, but a little less powerful. [potion of cure mutation]
 17288 | Lair:3   | Lost mutation: Your magical capacity is low (-10% MP). [potion of cure mutation]
 17549 | Lair:3   | Reached XP level 13. HP: 99/119 MP: 12/12
 18255 | Lair:3   | Reached skill level 17 in Axes
 18807 | Lair:4   | Found a staircase to the Snake Pit.
 18853 | Lair:4   | Received a gift from Trog
 18907 | Lair:4   | Found a labyrinth entrance.
 19055 | Lab      | Entered a labyrinth
 19477 | Lab      | Noticed a minotaur
 19483 | Lab      | Killed a minotaur
 19569 | Lair:4   | Found a staircase to the Shoals.
 20929 | Lair:5   | Reached skill level 18 in Axes
 20931 | Lair:5   | Reached XP level 14. HP: 130/130 MP: 4/13
 21196 | Lair:5   | Noticed Snorg
 21209 | Lair:5   | Killed Snorg
 21886 | Lair:6   | Received a gift from Trog
 23213 | Lair:7   | Found a dark tunnel.
 23224 | Volcano  | Entered a volcano
 23822 | Lair:7   | Noticed Maud
 23835 | Lair:7   | Killed Maud
 24466 | Lair:7   | Received a gift from Trog
 24709 | Lair:8   | Entered Level 8 of the Lair of Beasts
 24721 | Lair:8   | Reached skill level 19 in Axes
 25487 | Lair:8   | Reached XP level 15. HP: 107/139 MP: 14/14
 25741 | Lair:8   | Received a gift from Trog
 26207 | Lair:8   | Found a staircase to the Slime Pits.
 27582 | Temple   | Entered the Ecumenical Temple
 27903 | D:13     | Found Juner Ypuliz's Assorted Antiques.
 28292 | D:13     | Reached skill level 15 in Fighting
 28328 | D:13     | Reached skill level 20 in Axes
 28354 | D:13     | Found a gate to the Vaults.
 29319 | D:14     | Received a gift from Trog
 29706 | D:14     | Found Qibos's Quality Used Wands.
 29716 | D:14     | Bought a wand of disintegration (0/24) for 48 gold pieces
 29841 | D:15     | Entered Level 15 of the Dungeon
 29887 | D:15     | Found a frozen archway.
 29891 | D:15     | Reached ****** piety under Trog
 29905 | D:15     | Reached skill level 15 in Armour
 29937 | IceCv    | Entered an ice cave
 31238 | D:15     | Noticed Scarto's ghost (journeyman DsFi)
 31255 | D:15     | Killed Scarto's ghost
 31772 | D:15     | Found a staircase to the Depths.
 31999 | Orc:1    | Entered Level 1 of the Orcish Mines
 32000 | Orc:1    | Found Fuibluitz's Antique Weapon Emporium.
 32247 | Orc:2    | Entered Level 2 of the Orcish Mines
 32262 | Orc:2    | Found Kejom's General Store.
 32269 | Orc:2    | Reached XP level 16. HP: 149/149 MP: 15/15
 32326 | Orc:2    | Found Uguuca's Antique Weapon Shop.
 32448 | Orc:2    | Noticed georgeearnest's ghost (journeyman HOFi)
 32465 | Orc:2    | Killed georgeearnest's ghost
 32472 | Orc:2    | Found Kygg's Book Emporium.
 32691 | Orc:2    | Found Bekeulask's Antique Armour Shoppe.
 32825 | Orc:2    | Received a gift from Trog
 32928 | Orc:2    | Found a staircase to the Elven Halls.
 33073 | Orc:2    | Bought a shiny buckler for 135 gold pieces
 33177 | D:9      | Bought a manual of Axes for 1545 gold pieces
 33294 | Snake:1  | Entered Level 1 of the Snake Pit
 33300 | Snake:1  | Reached skill level 21 in Axes
 33493 | Snake:1  | Reached skill level 22 in Axes
 33621 | Snake:1  | Got a bloodstained war axe
 33622 | Snake:1  | Identified the +9 war axe of the Imperium {chop, rC+ Dex+4} (You found it on level 1 of the Snake Pit)
 34451 | Snake:2  | Reached skill level 23 in Axes
 34820 | Snake:2  | Received a gift from Trog
 35080 | Snake:2  | Reached skill level 24 in Axes
 35146 | Snake:2  | Found Wtwyzy's Whimsical Warehouse.
 35349 | Snake:2  | Got a heavily runed bone ring
 36353 | Snake:2  | Reached XP level 17. HP: 131/158 MP: 16/16
 37195 | Snake:3  | Received a gift from Trog
 37519 | Snake:3  | Found a white marble altar of Elyvilon.
 37661 | Snake:4  | Entered Level 4 of the Snake Pit
 38591 | Snake:4  | Reached skill level 15 in Shields
 38995 | Snake:4  | Reached skill level 25 in Axes
 39847 | Snake:4  | Received a gift from Trog
 41465 | Snake:3  | Reached XP level 18. HP: 106/168 MP: 17/17
 41664 | Snake:4  | Received a gift from Trog
 42198 | Snake:4  | Got a serpentine rune of Zot
 42438 | Snake:4  | Identified the cursed ring of Charity {rF- Str-5 Dex+3 SInv} (You found it on level 2 of the Snake Pit)
 42444 | Snake:4  | Reached XP level 19. HP: 177/177 MP: 18/18
 42445 | Snake:4  | Reached XP level 20. HP: 184/184 MP: 19/19
 43215 | Snake:1  | Reached skill level 26 in Axes
 43286 | Shoals:1 | Entered Level 1 of the Shoals
 43327 | Shoals:1 | Received a gift from Trog
 43328 | Shoals:1 | Got a faintly glowing war axe {god gift}
 43329 | Shoals:1 | Identified the +3 war axe "Saef" {venom, Str+3} (Trog gifted it to you on level 1 of the Shoals)
 43579 | Shoals:1 | Got a scorched ivory ring
 43580 | Shoals:1 | Identified the ring "Megem" {Fire Int+5} (You found it on level 1 of the Shoals)
 43697 | Shoals:1 | Noticed Josephine
 43761 | Shoals:1 | Killed Josephine
 44009 | Shoals:2 | Noticed Sagrath01's ghost (adept GrGl)
 44021 | Shoals:2 | Killed Sagrath01's ghost
 44497 | Shoals:2 | Received a gift from Trog
 44794 | Shoals:2 | Noticed Louise
 44803 | Shoals:2 | Killed Louise
 46142 | Shoals:4 | Entered Level 4 of the Shoals
 46183 | Shoals:4 | Received a gift from Trog
 46195 | Shoals:4 | Drowned by a drowned soul

Skill      XL: |  1  2  3  4  5  6  7  8  9 10 11 12 13 14 15 16 17 18 19 20 |
---------------+-------------------------------------------------------------+-----
Axes           | 4 5 6 7 8 10 11 13 15 16 18 19 20 24 25 26 | 26.4
Fighting       | 4 5 6 8 9 10 11 12 13 14 15 16 17 | 17.8
Armour         | 3 4 5 7 8 9 10 12 13 14 15 16 17 | 17.5
Shields        | 2 5 7 9 10 11 13 14 15 16 | 16.7
Dodging        | |  2.1

Action                   |  1- 3 |  4- 6 |  7- 9 | 10-12 | 13-15 | 16-18 | 19-21 || total
-------------------------+-------+-------+-------+-------+-------+-------+-------++-------
Melee: Hand axe          |    69 |   110 |    38 |   288 |       |       |       ||   505
       Headbutt          |    10 |    33 |    62 |   205 |   345 |   274 |    80 ||  1009
       War axe           |       |    59 |   299 |   688 |   233 |   767 |   302 ||  2348
       Mace              |       |       |       |     9 |    95 |       |       ||   104
       Broad axe         |       |       |       |       |  1112 |   242 |       ||  1354
Invok: Berserk           |     1 |       |     4 |    11 |     3 |     1 |       ||    20
       Trog's Hand       |       |       |     2 |    14 |     9 |    13 |     2 ||    40
Evoke: Wand              |       |       |       |       |     2 |     1 |       ||     3
  Use: Scroll            |       |     8 |     4 |     7 |    19 |    11 |     2 ||    51
       Potion            |       |     2 |     8 |     4 |     1 |     4 |     4 ||    23
  Eat: Chunk             |       |    10 |    16 |    49 |    67 |    31 |    12 ||   185
       Pizza             |       |       |       |     6 |     2 |       |       ||     8
       Fruit             |       |       |       |     2 |       |     4 |       ||     6
       Beef jerky        |       |       |       |     2 |       |       |       ||     2
       Royal jelly       |       |       |       |       |     1 |       |       ||     1
       Meat ration       |       |       |       |       |       |     2 |       ||     2
Armor: Animal skin       |     3 |       |       |       |       |       |       ||     3
       Ring mail         |     2 |       |       |       |       |       |       ||     2
       Chain mail        |    20 |    90 |       |       |       |       |       ||   110
       Plate armour      |       |    17 |   205 |   700 |   644 |   530 |   211 ||  2307
       Skin              |       |       |    17 |       |       |       |       ||    17
Dodge: Dodged            |    35 |    76 |    78 |   196 |   306 |   282 |   114 ||  1087
Block: Shield            |       |       |   107 |   573 |   777 |    92 |       ||  1549
       Buckler           |       |       |       |       |       |   361 |   175 ||   536
